Avalanche vs Kings

Created - Sunday, April 05, 2015 at 01:07

Goals
1 2 3 T
Avalanche 0 2 1 3
Kings 3 1 0 4
Shots
1 2 3 T
Avalanche 6 11 16 33
Kings 10 12 6 28

1st period

1. Kings , Ryan Johansen 41 (Tomas Kopecky, Duncan Keith) at 4:08
2. Kings , Tyler Seguin 37 (Duncan Keith, Cam Fowler) at 5:02
3. Kings , Carl Soderberg 12 (Ryan Johansen, Sergei Bobrovsky) at 18:30 (PP)

Penalties :
Braydon Coburn (Col) for Slashing (Minor) at 5:40, Daniel Briere (Col) for Hooking (Minor) at 17:52, Ladislav Smid (LA ) for Holding Stick (Minor) at 18:44

2nd period

4. Avalanche , Ryan McDonagh 30 (Valeri Nichushkin) at 2:13
5. Kings , Carl Soderberg 13 (Ryan Johansen) at 9:58
6. Avalanche , Ryan McDonagh 31 (Lars Eller) at 14:33 (PP)

Penalties :
Zbynek Michalek (LA ) for High sticking (Minor) at 3:20, Milan Lucic (LA ) for Hooking (Minor) at 4:52, John Erskine (LA ) for Slashing (Double Minor) at 12:46, John Erskine (LA ) for Hooking (Minor) at 17:33

3rd period

7. Avalanche , Ryan McDonagh 32 (Benoit Pouliot, Braydon Coburn) at 11:44 (PP)

Penalties :
Ladislav Smid (LA ) for Slashing (Minor) at 1:10, Adam McQuaid (LA ) for Goalie Interference (Minor) at 11:19, Benoit Pouliot (Col) for Roughing (Minor) at 13:10

Goalie Stats

Jack Campbell (Col), 12 saves from 16 shots - (0.750), L, 6-14-1, 29:58 minutes
Viktor Fasth (Col), 12 saves from 12 shots - (1.000), 29:13 minutes
Sergei Bobrovsky (LA ), 30 saves from 33 shots - (0.909), W, 51-17-4, 60:00 minutes

Players Stats for Avalanche

Player Name              G  A  P  +/- PIM S  H  SB GA TA FO     MP     PP MP  PK MP  
------------------------------------------------------------------------------------
Benn Ferriero            0  0  0   0  0   0  0  0  0  0  0/0     0:00   0:00   0:00 
Benoit Pouliot           0  1  1  -1  2   3  2  0  3  1  1/1    20:59   7:18   0:00 
Brad Stuart              0  0  0  -1  0   4  2  2  0  4  0/0    20:47   5:05   1:29 
Braydon Coburn           0  1  1   0  2   5  3  1  0  5  0/0    26:17   8:34   1:08 
Clayton Stoner           0  0  0  -1  0   1  1  2  1  0  0/0    20:47   5:05   1:29 
Daniel Briere            0  0  0  -1  2   3  0  0  1  0  0/1    20:49   7:18   0:00 
Joffrey Lupul            0  0  0   0  0   2  2  0  5  0  0/1    16:36   6:21   1:04 
Keaton Ellerby           0  0  0  -1  0   0  0  1  0  1  0/0    10:56   0:00   0:00 
Kevin Westgarth          0  0  0   0  0   0  0  0  0  0  0/0     0:00   0:00   0:00 
Lars Eller               0  1  1  -1  0   1  2  0  0  0  9/14   20:39   7:18   0:35 
Matt Halischuk           0  0  0   0  0   0  0  0  0  1  0/0     9:47   0:00   0:00 
Mike Mottau              0  0  0  -1  0   0  0  0  0  0  0/0    12:58   0:00   1:59 
Mike Ribeiro             0  0  0   0  0   1  2  0  1  0  3/5    24:09   6:13   3:21 
Rene Bourque             0  0  0  -1  0   1  2  0  2  0  1/2    14:20   0:10   0:00 
Ryan McDonagh            3  0  3   0  0   10 0  1  1  0  0/0    28:17   8:34   3:07 
Ryan O'Reilly            0  0  0  -1  0   0  1  0  0  0  12/24  24:44   5:56   3:32 
Tyler Kennedy            0  0  0  -1  0   1  0  0  0  0  0/1    11:10   0:23   0:00 
Valeri Nichushkin        0  1  1   0  0   1  0  0  4  0  0/1    12:06   0:00   0:40 

Players Stats for Kings

Player Name              G  A  P  +/- PIM S  H  SB GA TA FO     MP     PP MP  PK MP  
------------------------------------------------------------------------------------
Adam McQuaid             0  0  0   1  2   1  2  0  0  1  0/0     3:37   0:00   0:00 
Brandon McMillan         0  0  0  -1  0   0  1  0  0  0  0/0    12:07   0:00   0:00 
Brenden Morrow           0  0  0   0  0   0  2  0  0  0  0/3     9:26   0:00   2:04 
Cam Fowler               0  1  1   2  0   0  1  4  0  0  0/0    24:24   2:43   8:22 
Carl Soderberg           2  0  2   2  0   5  2  0  4  0  0/0    11:56   1:55   0:14 
Duncan Keith             0  2  2   3  0   2  1  5  2  2  0/0    28:02   2:43   8:22 
Henrik Tallinder         0  0  0   0  0   1  0  0  0  0  0/0    14:19   0:00   2:13 
John Erskine             0  0  0   0  6   0  2  1  0  1  0/0    12:39   0:00   0:00 
Ladislav Smid            0  0  0  -1  4   3  2  2  0  2  0/0    19:42   1:53   4:14 
Matt Cullen              0  0  0  -1  0   5  0  1  0  0  0/0    12:07   0:00   0:00 
Mika Zibanejad           0  0  0   1  0   2  0  0  0  1  0/1    20:00   2:41   3:43 
Milan Lucic              0  0  0   1  2   1  1  0  0  0  0/2    19:30   2:41   3:13 
Nick Bjugstad            0  0  0  -1  0   0  0  0  2  0  6/7    13:18   0:00   0:13 
Ryan Johansen            1  2  3   2  0   2  5  0  0  1  8/10   24:14   1:55   8:18 
Tomas Kopecky            0  1  1   2  0   0  1  3  0  0  4/13   20:33   1:55   8:53 
Tyler Seguin             1  0  1   1  0   4  2  0  5  0  6/12   15:10   2:41   0:00 
Vincent Trocheck         0  0  0   0  0   1  0  0  3  0  0/2     5:50   0:00   0:00 
Zbynek Michalek          0  0  0  -1  2   1  1  0  0  1  0/0    18:53   1:53   4:19 

3 Stars

1 - Ryan Johansen (LA )
2 - Ryan McDonagh (Col)
3 - Carl Soderberg (LA )

Power Play

Avalanche - 2 on 8 Attempt(s) - 25.00%
Kings - 1 on 3 Attempt(s) - 33.33%

Penalty Kill

Avalanche - 2 on 3 Attempt(s) - 66.67% - Score 0 goal in Penalty Kill
Kings - 6 on 8 Attempt(s) - 75.00% - Score 0 goal in Penalty Kill

Team Stat

Avalanche - Hits : 17 - Faceoff Wins : 26 - Blocked Shots : 7 - Penalty Minutes : 6
Kings - Hits : 23 - Faceoff Wins : 24 - Blocked Shots : 16 - Penalty Minutes : 16

Official

Referees : Unknown
Linesman : Unknown

Game Notes

Viktor Fasth enters game at 9:58 of 2nd period
Ryan McDonagh has scored a Hat Trick!

Finance

Level 1 -- Attendance: 6000 (100.00%) -- Ticket Income $510,000
Level 2 -- Attendance: 4508 (90.16%) -- Ticket Income $234,416
Level 3 -- Attendance: 1937 (96.85%) -- Ticket Income $60,047
Level 4 -- Attendance: 3484 (87.10%) -- Ticket Income $59,228
Luxury Box -- Attendance: 888 (88.80%) -- Ticket Income $155,400
Game was played at the Staples Center'
Total Attendance: 16817 (93.43%)
Total Ticket Income: $1,019,091
Other Income: $499,355
Total Income: $1,518,446

Avalanche

5 vs 5 Forward 
   Center                   Left Wing                Right Wing               Time % Phy DF OF 
 1 Ryan O'Reilly            Mike Ribeiro             Joffrey Lupul            35     1   2  2  
 2 Lars Eller               Benoit Pouliot           Daniel Briere            30     1   2  2  
 3 Ryan O'Reilly            Rene Bourque             Tyler Kennedy            22     1   2  2  
 4 Mike Ribeiro             Valeri Nichushkin        Matt Halischuk           13     1   2  2  

5 vs 5 Defense 
   Defense                  Defense                                           Time % Phy DF OF 
 1 Ryan McDonagh            Braydon Coburn                                    35     1   2  2  
 2 Brad Stuart              Clayton Stoner                                    30     1   2  2  
 3 Keaton Ellerby           Mike Mottau                                       22     1   2  2  
 4 Ryan McDonagh            Braydon Coburn                                    13     1   2  2  

PowerPlay Forward 
   Center                   Left Wing                Right Wing               Time % Phy DF OF 
 1 Ryan O'Reilly            Mike Ribeiro             Joffrey Lupul            60     1   2  2  
 2 Lars Eller               Benoit Pouliot           Daniel Briere            40     1   2  2  

PowerPlay Defense
   Defense                  Defense                                           Time % Phy DF OF 
 1 Ryan McDonagh            Braydon Coburn                                    60     1   2  2  
 2 Brad Stuart              Clayton Stoner                                    40     1   2  2  

Penalty Kill 4 Players Forward 
   Center                   Wing                     Time % Phy DF OF 
 1 Ryan O'Reilly            Mike Ribeiro             60     1   2  2  
 2 Joffrey Lupul            Lars Eller               40     1   2  2  

Penalty Kill 4 Players Defense
   Defense                  Defense                  Time % Phy DF OF 
 1 Ryan McDonagh            Braydon Coburn           60     1   2  2  
 2 Brad Stuart              Clayton Stoner           40     1   2  2  

Penalty Kill - 3 Players Forward 
   Forward                                           Time % Phy DF OF 
 1 Ryan O'Reilly                                     60     1   2  2  
 2 Mike Ribeiro                                      40     1   2  2  

Penalty Kill - 3 Players Defense
   Defense                  Defense                  Time % Phy DF OF 
 1 Ryan McDonagh            Braydon Coburn           60     1   2  2  
 2 Brad Stuart              Clayton Stoner           40     1   2  2  

4 vs 4 Forward 
   Center                   Wing                     Time % Phy DF OF 
 1 Ryan O'Reilly            Mike Ribeiro             60     1   2  2  
 2 Joffrey Lupul            Lars Eller               40     1   2  2  

4 vs 4 Defense
   Defense                  Defense                  Time % Phy DF OF 
 1 Ryan McDonagh            Braydon Coburn           60     1   2  2  
 2 Brad Stuart              Clayton Stoner           40     1   2  2  

Last Minutes Offensive
   Center                   Left Wing                Right Wing               Defense                  Defense                  
   Ryan O'Reilly            Mike Ribeiro             Joffrey Lupul            Ryan McDonagh            Braydon Coburn           

Last Minutes Defensive
   Center                   Left Wing                Right Wing               Defense                  Defense                  
   Ryan O'Reilly            Mike Ribeiro             Joffrey Lupul            Ryan McDonagh            Braydon Coburn           

Goaltenders
Starting : Jack Campbell            
Backup : Viktor Fasth             

Extra Forwards
Normal : Rene Bourque, Tyler Kennedy, Valeri Nichushkin - PP : Rene Bourque, Tyler Kennedy - PK : Valeri Nichushkin
Extra Defensemen
Normal : Keaton Ellerby, Mike Mottau, Brad Stuart - PP : Keaton Ellerby - PK : Mike Mottau, Brad Stuart
Penalty Shots
Ryan O'Reilly, Mike Ribeiro, Joffrey Lupul, Lars Eller, Benoit Pouliot

Kings

5 vs 5 Forward 
   Center                   Left Wing                Right Wing               Time % Phy DF OF 
 1 Tyler Seguin             Milan Lucic              Mika Zibanejad           35     1   2  2  
 2 Ryan Johansen            Tomas Kopecky            Carl Soderberg           30     1   2  2  
 3 Nick Bjugstad            Matt Cullen              Brandon McMillan         22     1   2  2  
 4 Vincent Trocheck         Brenden Morrow           Ryan Johansen            13     1   2  2  

5 vs 5 Defense 
   Defense                  Defense                                           Time % Phy DF OF 
 1 Duncan Keith             Cam Fowler                                        35     1   2  2  
 2 Ladislav Smid            Zbynek Michalek                                   30     1   2  2  
 3 John Erskine             Henrik Tallinder                                  22     1   2  2  
 4 Adam McQuaid             Duncan Keith                                      13     1   2  2  

PowerPlay Forward 
   Center                   Left Wing                Right Wing               Time % Phy DF OF 
 1 Tyler Seguin             Milan Lucic              Mika Zibanejad           60     1   2  2  
 2 Ryan Johansen            Tomas Kopecky            Carl Soderberg           40     1   2  2  

PowerPlay Defense
   Defense                  Defense                                           Time % Phy DF OF 
 1 Duncan Keith             Cam Fowler                                        60     1   2  2  
 2 Ladislav Smid            Zbynek Michalek                                   40     1   2  2  

Penalty Kill 4 Players Forward 
   Center                   Wing                     Time % Phy DF OF 
 1 Tomas Kopecky            Ryan Johansen            60     1   2  2  
 2 Milan Lucic              Mika Zibanejad           40     1   2  2  

Penalty Kill 4 Players Defense
   Defense                  Defense                  Time % Phy DF OF 
 1 Duncan Keith             Cam Fowler               60     1   2  2  
 2 Ladislav Smid            Zbynek Michalek          40     1   2  2  

Penalty Kill - 3 Players Forward 
   Forward                                           Time % Phy DF OF 
 1 Milan Lucic                                       60     1   2  2  
 2 Ryan Johansen                                     40     1   2  2  

Penalty Kill - 3 Players Defense
   Defense                  Defense                  Time % Phy DF OF 
 1 Duncan Keith             Cam Fowler               60     1   2  2  
 2 Ladislav Smid            Zbynek Michalek          40     1   2  2  

4 vs 4 Forward 
   Center                   Wing                     Time % Phy DF OF 
 1 Nick Bjugstad            Ryan Johansen            60     1   2  2  
 2 Milan Lucic              Mika Zibanejad           40     1   2  2  

4 vs 4 Defense
   Defense                  Defense                  Time % Phy DF OF 
 1 Duncan Keith             Cam Fowler               60     1   2  2  
 2 Ladislav Smid            Zbynek Michalek          40     1   2  2  

Last Minutes Offensive
   Center                   Left Wing                Right Wing               Defense                  Defense                  
   Tyler Seguin             Milan Lucic              Mika Zibanejad           Duncan Keith             Cam Fowler               

Last Minutes Defensive
   Center                   Left Wing                Right Wing               Defense                  Defense                  
   Tyler Seguin             Milan Lucic              Mika Zibanejad           Duncan Keith             Cam Fowler               

Goaltenders
Starting : Sergei Bobrovsky         
Backup : Jonas Gustavsson         

Extra Forwards
Normal : Nick Bjugstad, Matt Cullen, Brenden Morrow - PP : Nick Bjugstad, Matt Cullen - PK : Brenden Morrow
Extra Defensemen
Normal : John Erskine, Henrik Tallinder, Adam McQuaid - PP : John Erskine - PK : Henrik Tallinder, Adam McQuaid
Penalty Shots
Brenden Morrow, Ryan Johansen, Milan Lucic, Mika Zibanejad, Tomas Kopecky

% Time on Ice - Avalanche

Lines # - Real PCT - Wanted PCT - Time Play
Normal Forward
1 - 21% - 35% - 8:35
2 - 30% - 30% - 12:24
3 - 25% - 22% - 10:20
4 - 24% - 13% - 9:47
Normal Defense
1 - 34% - 35% - 14:09
2 - 33% - 30% - 13:38
3 - 27% - 22% - 10:56
4 - 6% - 13% - 2:23
PP Forward
1 - 47% - 60% - 6:21
2 - 53% - 40% - 7:18
PP Defense
1 - 63% - 60% - 8:34
2 - 37% - 40% - 5:05
PK Forward
1 - 87% - 60% - 4:01
2 - 13% - 40% - 0:35
PK Defense
1 - 68% - 60% - 3:07
2 - 32% - 40% - 1:29
PK3 Forward
1 - 0% - 60%
2 - 0% - 40%
PK3 Defense
1 - 0% - 60%
2 - 0% - 40%
44 Forward
1 - 0% - 60%
2 - 0% - 40%
44 Defense
1 - 0% - 60%
2 - 0% - 40%
Last Minute Offensive  - 0:39
Last Minute Defensive  - 0:00
Total
Forward - 60:00
Defense - 60:00

% Time on Ice - Kings

Lines # - Real PCT - Wanted PCT - Time Play
Normal Forward
1 - 32% - 35% - 13:21
2 - 25% - 30% - 10:27
3 - 29% - 22% - 12:07
4 - 14% - 13% - 5:50
Normal Defense
1 - 32% - 35% - 13:19
2 - 30% - 30% - 12:42
3 - 29% - 22% - 12:06
4 - 9% - 13% - 3:38
PP Forward
1 - 58% - 60% - 2:41
2 - 42% - 40% - 1:55
PP Defense
1 - 59% - 60% - 2:43
2 - 41% - 40% - 1:53
PK Forward
1 - 72% - 60% - 9:29
2 - 28% - 40% - 3:43
PK Defense
1 - 63% - 60% - 8:22
2 - 37% - 40% - 4:50
PK3 Forward
1 - 100% - 60% - 0:27
2 - 0% - 40% - 0:00
PK3 Defense
1 - 0% - 60% - 0:00
2 - 100% - 40% - 0:27
44 Forward
1 - 0% - 60%
2 - 0% - 40%
44 Defense
1 - 0% - 60%
2 - 0% - 40%
Last Minute Offensive  - 0:00
Last Minute Defensive  - 0:00
Total
Forward - 60:00
Defense - 60:00

Play by Play

1st period


0:01 of 1st period - Ryan O'Reilly wins face-off versus Tyler Seguin in neutral zone.
1:34 of 1st period - Off-side.
1:35 of 1st period - Ryan O'Reilly wins face-off versus Nick Bjugstad in neutral zone.
1:39 of 1st period - Off-side.
1:40 of 1st period - Nick Bjugstad wins face-off versus Ryan O'Reilly in neutral zone.
1:59 of 1st period - Snap shot by Tyler Kennedy.
1:59 of 1st period - Shot Blocked by John Erskine.
2:01 of 1st period - Wrist shot by Brad Stuart.
2:01 of 1st period - Stopped by Sergei Bobrovsky with a rebound.
3:17 of 1st period - Benoit Pouliot is hit by Milan Lucic and loses puck.
3:22 of 1st period - Slapshot by Tyler Seguin.
3:22 of 1st period - Stopped by Jack Campbell with a rebound.
3:24 of 1st period - Wrist shot by Mika Zibanejad.
3:24 of 1st period - Stopped by Jack Campbell with a rebound.
3:26 of 1st period - Slapshot by Adam McQuaid.
3:26 of 1st period - Stopped by Jack Campbell with a rebound.
4:08 of 1st period - Wrist shot by Ryan Johansen.
4:08 of 1st period - Goal by Ryan Johansen - Avalanche : 0 - Kings : 1.
4:09 of 1st period - Nick Bjugstad wins face-off versus Ryan O'Reilly in neutral zone.
4:22 of 1st period - Snap shot by Matt Cullen.
4:22 of 1st period - Shot Misses the Net.
4:24 of 1st period - Wrist shot by Matt Cullen.
4:24 of 1st period - Shot Misses the Net.
4:26 of 1st period - Snap shot by Matt Cullen.
4:26 of 1st period - Stopped by Jack Campbell with a rebound.
4:28 of 1st period - Wrist shot by Ladislav Smid.
4:28 of 1st period - Shot Misses the Net.
4:30 of 1st period - Slapshot by Zbynek Michalek.
4:30 of 1st period - Deflect By Matt Cullen.
4:30 of 1st period - Stopped by Jack Campbell with a rebound.
4:32 of 1st period - Wrist shot by Ladislav Smid.
4:32 of 1st period - Deflect By Mike Mottau.
4:32 of 1st period - Stopped by Jack Campbell without a rebound.
4:33 of 1st period - Mike Ribeiro wins face-off versus Mika Zibanejad in Avalanche zone.
5:00 of 1st period - Snap shot by Tyler Seguin.
5:00 of 1st period - Shot Misses the Net.
5:02 of 1st period - Snap shot by Tyler Seguin.
5:02 of 1st period - Goal by Tyler Seguin - Avalanche : 0 - Kings : 2.
5:03 of 1st period - Ryan Johansen wins face-off versus Lars Eller in neutral zone.
5:38 of 1st period - Snap shot by Ryan Johansen.
5:38 of 1st period - Shot Misses the Net.
5:40 of 1st period - Minor Penalty to Braydon Coburn for Slashing.
5:41 of 1st period - Tyler Seguin wins face-off versus Ryan O'Reilly in Avalanche zone.
5:46 of 1st period - Snap shot by Milan Lucic.
5:46 of 1st period - Deflect By Mike Ribeiro.
5:46 of 1st period - Shot Misses the Net.
5:46 of 1st period - Puck is out of play.
5:47 of 1st period - Tyler Seguin wins face-off versus Ryan O'Reilly in Avalanche zone.
5:56 of 1st period - Slapshot by Duncan Keith.
5:56 of 1st period - Shot Blocked by Ryan McDonagh.
6:36 of 1st period - Ryan McDonagh is hit by Carl Soderberg and loses puck.
6:45 of 1st period - Wrist shot by Carl Soderberg.
6:45 of 1st period - Shot Misses the Net.
7:05 of 1st period - Mike Mottau is hit by Ladislav Smid and loses puck.
7:40 of 1st period - Penalty to Braydon Coburn is over, Braydon Coburn is back on ice.
8:12 of 1st period - Icing by Lars Eller.
8:13 of 1st period - Lars Eller wins face-off versus Vincent Trocheck in Avalanche zone.
9:02 of 1st period - Slapshot by Duncan Keith.
9:02 of 1st period - Shot Misses the Net.
9:39 of 1st period - Carl Soderberg is hit by Lars Eller and loses puck.
9:46 of 1st period - Mike Mottau is hit by Carl Soderberg and loses puck.
10:48 of 1st period - Off-side.
10:49 of 1st period - Ryan O'Reilly wins face-off versus Vincent Trocheck in neutral zone.
11:06 of 1st period - Matt Cullen is hit by Rene Bourque and loses puck.
11:31 of 1st period - Clayton Stoner is hit by Adam McQuaid and loses puck.
13:17 of 1st period - Brad Stuart is hit by Brenden Morrow and loses puck.
13:28 of 1st period - Brad Stuart is hit by Zbynek Michalek and loses puck.
14:01 of 1st period - Slapshot by Joffrey Lupul.
14:01 of 1st period - Deflect By Mike Ribeiro.
14:01 of 1st period - Shot Misses the Net.
14:01 of 1st period - Puck is out of play.
14:02 of 1st period - Ryan O'Reilly wins face-off versus Tyler Seguin in Kings zone.
14:16 of 1st period - Icing by Keaton Ellerby.
14:17 of 1st period - Nick Bjugstad wins face-off versus Ryan O'Reilly in Avalanche zone.
14:57 of 1st period - Snap shot by Carl Soderberg.
14:57 of 1st period - Stopped by Jack Campbell with a rebound.
15:17 of 1st period - Duncan Keith is hit by Rene Bourque.
15:33 of 1st period - Joffrey Lupul is hit by Ryan Johansen.
16:10 of 1st period - John Erskine is hit by Brad Stuart and loses puck.
16:33 of 1st period - Slapshot by Ryan McDonagh.
16:33 of 1st period - Stopped by Sergei Bobrovsky with a rebound.
17:27 of 1st period - Zbynek Michalek is hit by Joffrey Lupul and loses puck.
17:52 of 1st period - Minor Penalty to Daniel Briere for Hooking.
17:53 of 1st period - Mike Ribeiro wins face-off versus Tyler Seguin in Avalanche zone.
18:30 of 1st period - Snap shot by Carl Soderberg.
18:30 of 1st period - Goal by Carl Soderberg - Avalanche : 0 - Kings : 3.
18:31 of 1st period - Ryan Johansen wins face-off versus Ryan O'Reilly in neutral zone.
18:38 of 1st period - Keaton Ellerby is hit by Ladislav Smid and loses puck.
18:44 of 1st period - Minor Penalty to Ladislav Smid for Holding Stick.
18:45 of 1st period - Lars Eller wins face-off versus Tomas Kopecky in Kings zone.
18:51 of 1st period - Snap shot by Daniel Briere.
18:51 of 1st period - Shot Blocked by Cam Fowler.
18:53 of 1st period - Wrist shot by Lars Eller.
18:53 of 1st period - Stopped by Sergei Bobrovsky with a rebound.
18:55 of 1st period - Wrist shot by Lars Eller.
18:55 of 1st period - Shot Misses the Net.
18:57 of 1st period - Snap shot by Braydon Coburn.
18:57 of 1st period - Stopped by Sergei Bobrovsky without a rebound.
18:58 of 1st period - Lars Eller wins face-off versus Tomas Kopecky in Kings zone.
18:59 of 1st period - Slapshot by Benoit Pouliot.
18:59 of 1st period - Stopped by Sergei Bobrovsky with a rebound.
19:01 of 1st period - Wrist shot by Ryan McDonagh.
19:01 of 1st period - Shot Misses the Net.
19:17 of 1st period - Wrist shot by Daniel Briere.
19:17 of 1st period - Deflect By Benoit Pouliot.
19:17 of 1st period - Shot Blocked by Cam Fowler.
19:17 of 1st period - Puck is out of play.
19:18 of 1st period - Ryan O'Reilly wins face-off versus Tomas Kopecky in Kings zone.
19:21 of 1st period - Wrist shot by Joffrey Lupul.
19:21 of 1st period - Stopped by Sergei Bobrovsky without a rebound.
19:22 of 1st period - Tomas Kopecky wins face-off versus Ryan O'Reilly in Kings zone.
Goals for this period are 0 for Avalanche vs 3 for Kings.
Shots for this period are 6 for Avalanche vs 10 for Kings.

2nd period


0:01 of 2nd period - Tomas Kopecky wins face-off versus Ryan O'Reilly in neutral zone.
0:16 of 2nd period - Tomas Kopecky is hit by Braydon Coburn.
0:44 of 2nd period - Penalty to Ladislav Smid is over, Ladislav Smid is back on ice.
0:48 of 2nd period - Braydon Coburn is hit by Ryan Johansen.
0:54 of 2nd period - Ladislav Smid is hit by Benoit Pouliot and loses puck.
1:19 of 2nd period - Snap shot by Benoit Pouliot.
1:19 of 2nd period - Stopped by Sergei Bobrovsky without a rebound.
1:20 of 2nd period - Ryan O'Reilly wins face-off versus Tyler Seguin in Kings zone.
1:41 of 2nd period - Wrist shot by Mika Zibanejad.
1:41 of 2nd period - Shot Blocked by Clayton Stoner.
1:43 of 2nd period - Slapshot by Henrik Tallinder.
1:43 of 2nd period - Stopped by Jack Campbell with a rebound.
1:45 of 2nd period - Slapshot by Milan Lucic.
1:45 of 2nd period - Shot Misses the Net.
1:47 of 2nd period - Slapshot by Henrik Tallinder.
1:47 of 2nd period - Shot Blocked by Brad Stuart.
1:49 of 2nd period - Slapshot by John Erskine.
1:49 of 2nd period - Shot Misses the Net.
1:51 of 2nd period - Slapshot by John Erskine.
1:51 of 2nd period - Deflect By Milan Lucic.
1:51 of 2nd period - Shot Misses the Net.
1:51 of 2nd period - Puck is out of play.
1:52 of 2nd period - Nick Bjugstad wins face-off versus Mike Ribeiro in Avalanche zone.
1:59 of 2nd period - Slapshot by Matt Cullen.
1:59 of 2nd period - Stopped by Jack Campbell with a rebound.
2:05 of 2nd period - Matt Cullen is hit by Braydon Coburn and loses puck.
2:13 of 2nd period - Snap shot by Ryan McDonagh.
2:13 of 2nd period - Goal by Ryan McDonagh - Avalanche : 1 - Kings : 3.
2:14 of 2nd period - Tyler Seguin wins face-off versus Lars Eller in neutral zone.
2:21 of 2nd period - Slapshot by Braydon Coburn.
2:21 of 2nd period - Shot Misses the Net.
2:41 of 2nd period - Wrist shot by Milan Lucic.
2:41 of 2nd period - Deflect By Tyler Seguin.
2:41 of 2nd period - Stopped by Jack Campbell with a rebound.
2:51 of 2nd period - Slapshot by Milan Lucic.
2:51 of 2nd period - Deflect By Tyler Seguin.
2:51 of 2nd period - Stopped by Jack Campbell without a rebound.
2:52 of 2nd period - Ryan O'Reilly wins face-off versus Ryan Johansen in Avalanche zone.
3:18 of 2nd period - Snap shot by Mike Ribeiro.
3:18 of 2nd period - Stopped by Sergei Bobrovsky with a rebound.
3:20 of 2nd period - Minor Penalty to Zbynek Michalek for High sticking.
3:21 of 2nd period - Lars Eller wins face-off versus Tomas Kopecky in Kings zone.
3:24 of 2nd period - Wrist shot by Benoit Pouliot.
3:24 of 2nd period - Shot Misses the Net.
3:26 of 2nd period - Slapshot by Ryan McDonagh.
3:26 of 2nd period - Shot Blocked by Cam Fowler.
3:28 of 2nd period - Wrist shot by Braydon Coburn.
3:28 of 2nd period - Stopped by Sergei Bobrovsky with a rebound.
3:30 of 2nd period - Backhand shot by Benoit Pouliot.
3:30 of 2nd period - Shot Blocked by Duncan Keith.
3:32 of 2nd period - Slapshot by Lars Eller.
3:32 of 2nd period - Shot Blocked by Duncan Keith.
3:34 of 2nd period - Snap shot by Braydon Coburn.
3:34 of 2nd period - Stopped by Sergei Bobrovsky with a rebound.
3:36 of 2nd period - Slapshot by Braydon Coburn.
3:36 of 2nd period - Stopped by Sergei Bobrovsky without a rebound.
3:37 of 2nd period - Lars Eller wins face-off versus Tomas Kopecky in Kings zone.
3:50 of 2nd period - Snap shot by Daniel Briere.
3:50 of 2nd period - Stopped by Sergei Bobrovsky with a rebound.
3:52 of 2nd period - Backhand shot by Lars Eller.
3:52 of 2nd period - Deflect By Daniel Briere.
3:52 of 2nd period - Stopped by Sergei Bobrovsky without a rebound.
3:53 of 2nd period - Ryan O'Reilly wins face-off versus Tomas Kopecky in Kings zone.
4:20 of 2nd period - Slapshot by Ryan McDonagh.
4:20 of 2nd period - Shot Blocked by Tomas Kopecky.
4:46 of 2nd period - Henrik Tallinder is hit by Benoit Pouliot and loses puck.
4:52 of 2nd period - Minor Penalty to Milan Lucic for Hooking.
4:53 of 2nd period - Benoit Pouliot wins face-off versus Brenden Morrow in Kings zone.
5:20 of 2nd period - Penalty to Zbynek Michalek is over, Zbynek Michalek is back on ice.
5:38 of 2nd period - Snap shot by Joffrey Lupul.
5:38 of 2nd period - Shot Blocked by Ladislav Smid.
5:48 of 2nd period - Brad Stuart is hit by Ryan Johansen and loses puck.
6:26 of 2nd period - Braydon Coburn is hit by Tomas Kopecky.
6:49 of 2nd period - Wrist shot by Nick Bjugstad.
6:49 of 2nd period - Shot Misses the Net.
6:51 of 2nd period - Snap shot by Ladislav Smid.
6:51 of 2nd period - Stopped by Jack Campbell with a rebound.
6:52 of 2nd period - Penalty to Milan Lucic is over, Milan Lucic is back on ice.
8:54 of 2nd period - Slapshot by Valeri Nichushkin.
8:54 of 2nd period - Shot Misses the Net.
9:00 of 2nd period - Matt Halischuk is hit by Adam McQuaid and loses puck.
9:19 of 2nd period - Snap shot by Tomas Kopecky.
9:19 of 2nd period - Shot Misses the Net.
9:58 of 2nd period - Snap shot by Carl Soderberg.
9:58 of 2nd period - Goal by Carl Soderberg - Avalanche : 1 - Kings : 4.
9:58 of 2nd period - Viktor Fasth enters game.
9:59 of 2nd period - Nick Bjugstad wins face-off versus Ryan O'Reilly in neutral zone.
10:02 of 2nd period - Brad Stuart is hit by Brandon McMillan and loses puck.
10:24 of 2nd period - Slapshot by Matt Cullen.
10:24 of 2nd period - Shot Blocked by Brad Stuart.
10:57 of 2nd period - Icing by Clayton Stoner.
10:58 of 2nd period - Ryan Johansen wins face-off versus Ryan O'Reilly in Avalanche zone.
11:07 of 2nd period - Slapshot by Duncan Keith.
11:07 of 2nd period - Deflect By Clayton Stoner.
11:07 of 2nd period - Stopped by Viktor Fasth with a rebound.
11:09 of 2nd period - Slapshot by Cam Fowler.
11:09 of 2nd period - Shot Misses the Net.
11:11 of 2nd period - Slapshot by Duncan Keith.
11:11 of 2nd period - Shot Blocked by Clayton Stoner.
12:05 of 2nd period - Snap shot by Milan Lucic.
12:05 of 2nd period - Stopped by Viktor Fasth with a rebound.
12:07 of 2nd period - Slapshot by Ladislav Smid.
12:07 of 2nd period - Shot Misses the Net.
12:09 of 2nd period - Slapshot by Zbynek Michalek.
12:09 of 2nd period - Stopped by Viktor Fasth with a rebound.
12:11 of 2nd period - Slapshot by Ladislav Smid.
12:11 of 2nd period - Deflect By Ryan McDonagh.
12:11 of 2nd period - Stopped by Viktor Fasth with a rebound.
12:46 of 2nd period - Double Minor Penalty to John Erskine for Slashing.
12:47 of 2nd period - Lars Eller wins face-off versus Tomas Kopecky in Kings zone.
12:55 of 2nd period - Slapshot by Ryan McDonagh.
12:55 of 2nd period - Shot Misses the Net.
13:30 of 2nd period - Zbynek Michalek is hit by Ryan O'Reilly.
13:38 of 2nd period - Wrist shot by Joffrey Lupul.
13:38 of 2nd period - Stopped by Sergei Bobrovsky with a rebound.
14:17 of 2nd period - Cam Fowler is hit by Brad Stuart.
14:29 of 2nd period - Off-side.
14:30 of 2nd period - Lars Eller wins face-off versus Milan Lucic in neutral zone.
14:33 of 2nd period - Slapshot by Ryan McDonagh.
14:33 of 2nd period - Goal by Ryan McDonagh - Avalanche : 2 - Kings : 4.
14:34 of 2nd period - Ryan O'Reilly wins face-off versus Tomas Kopecky in neutral zone.
14:55 of 2nd period - Mike Ribeiro is hit by Duncan Keith and loses puck.
15:24 of 2nd period - Snap shot by Milan Lucic.
15:24 of 2nd period - Shot Misses the Net.
16:33 of 2nd period - Penalty to John Erskine is over, John Erskine is back on ice.
16:53 of 2nd period - Wrist shot by Matt Cullen.
16:53 of 2nd period - Stopped by Viktor Fasth with a rebound.
17:07 of 2nd period - Slapshot by Matt Cullen.
17:07 of 2nd period - Stopped by Viktor Fasth with a rebound.
17:33 of 2nd period - Minor Penalty to John Erskine for Hooking.
17:34 of 2nd period - Ryan Johansen wins face-off versus Lars Eller in Kings zone.
18:10 of 2nd period - Wrist shot by Mike Ribeiro.
18:10 of 2nd period - Shot Misses the Net.
18:12 of 2nd period - Slapshot by Braydon Coburn.
18:12 of 2nd period - Shot Blocked by Duncan Keith.
18:34 of 2nd period - Wrist shot by Daniel Briere.
18:34 of 2nd period - Deflect By Duncan Keith.
18:34 of 2nd period - Stopped by Sergei Bobrovsky with a rebound.
18:52 of 2nd period - Zbynek Michalek is hit by Mike Ribeiro and loses puck.
19:33 of 2nd period - Penalty to John Erskine is over, John Erskine is back on ice.
19:37 of 2nd period - Zbynek Michalek is hit by Clayton Stoner and loses puck.
19:46 of 2nd period - Rene Bourque is hit by John Erskine and loses puck.
Goals for this period are 2 for Avalanche vs 1 for Kings.
Shots for this period are 11 for Avalanche vs 12 for Kings.

3rd period


0:01 of 3rd period - Ryan Johansen wins face-off versus Ryan O'Reilly in neutral zone.
0:06 of 3rd period - Wrist shot by Carl Soderberg.
0:06 of 3rd period - Stopped by Viktor Fasth with a rebound.
0:30 of 3rd period - Wrist shot by Carl Soderberg.
0:30 of 3rd period - Stopped by Viktor Fasth with a rebound.
0:32 of 3rd period - Slapshot by Duncan Keith.
0:32 of 3rd period - Stopped by Viktor Fasth with a rebound.
1:10 of 3rd period - Minor Penalty to Ladislav Smid for Slashing.
1:11 of 3rd period - Tomas Kopecky wins face-off versus Lars Eller in Kings zone.
1:26 of 3rd period - Slapshot by Clayton Stoner.
1:26 of 3rd period - Deflect By Benoit Pouliot.
1:26 of 3rd period - Shot Misses the Net.
1:26 of 3rd period - Puck is out of play.
1:27 of 3rd period - Lars Eller wins face-off versus Tomas Kopecky in Kings zone.
2:11 of 3rd period - Wrist shot by Brad Stuart.
2:11 of 3rd period - Stopped by Sergei Bobrovsky with a rebound.
2:13 of 3rd period - Wrist shot by Clayton Stoner.
2:13 of 3rd period - Deflect By Ryan O'Reilly.
2:13 of 3rd period - Shot Misses the Net.
2:13 of 3rd period - Puck is out of play.
2:14 of 3rd period - Ryan O'Reilly wins face-off versus Milan Lucic in Kings zone.
3:10 of 3rd period - Penalty to Ladislav Smid is over, Ladislav Smid is back on ice.
4:36 of 3rd period - Keaton Ellerby is hit by Brenden Morrow and loses puck.
4:41 of 3rd period - Wrist shot by Vincent Trocheck.
4:41 of 3rd period - Stopped by Viktor Fasth without a rebound.
4:42 of 3rd period - Lars Eller wins face-off versus Brenden Morrow in Avalanche zone.
5:13 of 3rd period - Snap shot by Mika Zibanejad.
5:13 of 3rd period - Stopped by Viktor Fasth without a rebound.
5:14 of 3rd period - Rene Bourque wins face-off versus Tyler Seguin in Avalanche zone.
6:18 of 3rd period - Slapshot by Ryan McDonagh.
6:18 of 3rd period - Shot Blocked by Matt Cullen.
6:20 of 3rd period - Slapshot by Ryan McDonagh.
6:20 of 3rd period - Stopped by Sergei Bobrovsky without a rebound.
6:21 of 3rd period - Mike Ribeiro wins face-off versus Ryan Johansen in Kings zone.
6:35 of 3rd period - Icing by Ryan McDonagh.
6:36 of 3rd period - Ryan Johansen wins face-off versus Mike Ribeiro in Avalanche zone.
6:59 of 3rd period - Ryan McDonagh is hit by Ryan Johansen and loses puck.
7:26 of 3rd period - Zbynek Michalek is hit by Braydon Coburn and loses puck.
7:33 of 3rd period - Wrist shot by Tyler Kennedy.
7:33 of 3rd period - Stopped by Sergei Bobrovsky with a rebound.
7:35 of 3rd period - Snap shot by Brad Stuart.
7:35 of 3rd period - Stopped by Sergei Bobrovsky without a rebound.
7:36 of 3rd period - Nick Bjugstad wins face-off versus Rene Bourque in Kings zone.
8:34 of 3rd period - Keaton Ellerby is hit by Tyler Seguin and loses puck.
9:03 of 3rd period - Slapshot by Ryan McDonagh.
9:03 of 3rd period - Stopped by Sergei Bobrovsky with a rebound.
9:05 of 3rd period - Snap shot by Ryan McDonagh.
9:05 of 3rd period - Shot Misses the Net.
9:07 of 3rd period - Snap shot by Ryan McDonagh.
9:07 of 3rd period - Shot Misses the Net.
9:09 of 3rd period - Snap shot by Rene Bourque.
9:09 of 3rd period - Stopped by Sergei Bobrovsky without a rebound.
9:10 of 3rd period - Ryan Johansen wins face-off versus Tyler Kennedy in Kings zone.
9:56 of 3rd period - Wrist shot by Nick Bjugstad.
9:56 of 3rd period - Shot Blocked by Keaton Ellerby.
10:27 of 3rd period - Joffrey Lupul is hit by John Erskine and loses puck.
11:00 of 3rd period - Slapshot by Valeri Nichushkin.
11:00 of 3rd period - Stopped by Sergei Bobrovsky with a rebound.
11:02 of 3rd period - Slapshot by Brad Stuart.
11:02 of 3rd period - Stopped by Sergei Bobrovsky without a rebound.
11:03 of 3rd period - Tyler Seguin wins face-off versus Valeri Nichushkin in Kings zone.
11:08 of 3rd period - Snap shot by Valeri Nichushkin.
11:08 of 3rd period - Shot Misses the Net.
11:10 of 3rd period - Slapshot by Ryan McDonagh.
11:10 of 3rd period - Stopped by Sergei Bobrovsky with a rebound.
11:12 of 3rd period - Slapshot by Braydon Coburn.
11:12 of 3rd period - Shot Misses the Net.
11:14 of 3rd period - Slapshot by Braydon Coburn.
11:14 of 3rd period - Shot Blocked by Duncan Keith.
11:19 of 3rd period - Minor Penalty to Adam McQuaid for Goalie Interference.
11:20 of 3rd period - Tomas Kopecky wins face-off versus Daniel Briere in Kings zone.
11:38 of 3rd period - Wrist shot by Benoit Pouliot.
11:38 of 3rd period - Shot Blocked by Ladislav Smid.
11:40 of 3rd period - Slapshot by Ryan McDonagh.
11:40 of 3rd period - Stopped by Sergei Bobrovsky with a rebound.
11:42 of 3rd period - Snap shot by Ryan McDonagh.
11:42 of 3rd period - Shot Blocked by Tomas Kopecky.
11:44 of 3rd period - Slapshot by Ryan McDonagh.
11:44 of 3rd period - Deflect By Zbynek Michalek.
11:44 of 3rd period - Goal by Ryan McDonagh - Avalanche : 3 - Kings : 4.
11:45 of 3rd period - Tyler Seguin wins face-off versus Ryan O'Reilly in neutral zone.
11:47 of 3rd period - Off-side.
11:48 of 3rd period - Tyler Seguin wins face-off versus Joffrey Lupul in neutral zone.
12:15 of 3rd period - Snap shot by Joffrey Lupul.
12:15 of 3rd period - Shot Misses the Net.
12:17 of 3rd period - Snap shot by Ryan McDonagh.
12:17 of 3rd period - Stopped by Sergei Bobrovsky with a rebound.
12:19 of 3rd period - Snap shot by Joffrey Lupul.
12:19 of 3rd period - Shot Blocked by Cam Fowler.
12:21 of 3rd period - Slapshot by Braydon Coburn.
12:21 of 3rd period - Stopped by Sergei Bobrovsky with a rebound.
12:31 of 3rd period - Slapshot by Daniel Briere.
12:31 of 3rd period - Shot Misses the Net.
12:33 of 3rd period - Snap shot by Ryan McDonagh.
12:33 of 3rd period - Shot Blocked by Duncan Keith.
12:35 of 3rd period - Snap shot by Braydon Coburn.
12:35 of 3rd period - Shot Misses the Net.
12:37 of 3rd period - Slapshot by Braydon Coburn.
12:37 of 3rd period - Shot Misses the Net.
12:39 of 3rd period - Snap shot by Ryan McDonagh.
12:39 of 3rd period - Stopped by Sergei Bobrovsky without a rebound.
12:40 of 3rd period - Ryan Johansen wins face-off versus Lars Eller in Kings zone.
12:51 of 3rd period - Wrist shot by Benoit Pouliot.
12:51 of 3rd period - Stopped by Sergei Bobrovsky with a rebound.
13:10 of 3rd period - Minor Penalty to Benoit Pouliot for Roughing.
13:11 of 3rd period - Ryan O'Reilly wins face-off versus Tyler Seguin in Avalanche zone.
13:49 of 3rd period - Slapshot by Cam Fowler.
13:49 of 3rd period - Shot Blocked by Braydon Coburn.
14:47 of 3rd period - Brad Stuart is hit by Ryan Johansen and loses puck.
14:52 of 3rd period - Snap shot by Carl Soderberg.
14:52 of 3rd period - Shot Misses the Net.
15:10 of 3rd period - Penalty to Benoit Pouliot is over, Benoit Pouliot is back on ice.
15:26 of 3rd period - Henrik Tallinder is hit by Joffrey Lupul and loses puck.
16:06 of 3rd period - Henrik Tallinder is hit by Lars Eller and loses puck.
16:43 of 3rd period - Wrist shot by Ryan Johansen.
16:43 of 3rd period - Stopped by Viktor Fasth with a rebound.
16:49 of 3rd period - Snap shot by Duncan Keith.
16:49 of 3rd period - Shot Misses the Net.
17:06 of 3rd period - Braydon Coburn is hit by Tyler Seguin and loses puck.
17:13 of 3rd period - Wrist shot by Tyler Seguin.
17:13 of 3rd period - Shot Misses the Net.
17:15 of 3rd period - Snap shot by Zbynek Michalek.
17:15 of 3rd period - Shot Misses the Net.
17:19 of 3rd period - Slapshot by Tyler Seguin.
17:19 of 3rd period - Shot Misses the Net.
19:04 of 3rd period - Tyler Kennedy is hit by Cam Fowler and loses puck.
19:11 of 3rd period - Avalanche, Viktor Fasth is pulled from the net.
19:13 of 3rd period - Wrist shot by Rene Bourque.
19:13 of 3rd period - Shot Blocked by Tomas Kopecky.
19:15 of 3rd period - Snap shot by Clayton Stoner.
19:15 of 3rd period - Stopped by Sergei Bobrovsky without a rebound.
19:16 of 3rd period - Ken Hitchcock call a timeout for Avalanche.
19:16 of 3rd period - Ryan O'Reilly wins face-off versus Brenden Morrow in Kings zone.
19:53 of 3rd period - Henrik Tallinder is hit by Mike Ribeiro and loses puck.
Goals for this period are 1 for Avalanche vs 0 for Kings.
Shots for this period are 16 for Avalanche vs 6 for Kings.


Output by the SimonT Hockey Simulator (STHS) for Eric Dolegowski -- Original Page W3C XHTML 1.0 Valid
Hockey Simulator - Hockey Simulation - Hockey Manager